Chicago Black Hawks vs Nashville Predators
Created - Thursday, May 9, 2024 at 06:59
Goals
|
| Chicago Black Hawks |
0 |
2 |
0 |
2 |
| Nashville Predators |
0 |
2 |
1 |
3 |
|
Shots
|
| Chicago Black Hawks |
13 |
12 |
14 |
39 |
| Nashville Predators |
12 |
8 |
7 |
27 |
|
1st period
No Goal
Penalties :
Brent Burns (CHI) for Hooking (Minor) at 10:23, Oliver Kylington (NSH) for Roughing (Minor) at 17:48
2nd period
1. Nashville Predators , Thomas Novak 20 (Jacob Peterson 33, Jakub Voracek 26) at 3:23
2. Chicago Black Hawks , Kirby Dach 25 (Cale Makar 30, Devon Toews 9) at 10:00 (PP)
3. Chicago Black Hawks , Kevin Fiala 24 (Vincent Trocheck 35) at 13:46
4. Nashville Predators , Patrick Maroon 4 (Brett Leason 1) at 16:59
Penalties :
Jacob Peterson (NSH) for Slashing (Minor) at 4:15, Markus Niemelainen (NSH) for Roughing (Minor) at 9:24
3rd period
5. Nashville Predators , Kevin Labanc 13 (Alex Newhook 14, Corey Perry 15) at 8:09
Penalties :
Nicholas Paul (CHI) for High sticking (Minor) at 0:19, Patrick Maroon (NSH) for Holding (Minor) at 4:55
Goalie Stats
Jordan Binnington (CHI), 24 saves from 27 shots - (0.889), L, 3-3-0, 59:07 minutes
Kevin Lankinen (NSH), 37 saves from 39 shots - (0.949), W, 3-4-0, 60:00 minutes
Players Stats for Chicago Black Hawks
Player Name G A P +/- PIM S H SB GA TA FO MP PP MP PK MP
------------------------------------------------------------------------------------
Barrett Hayton 0 0 0 -1 0 1 2 1 0 0 0/4 19:40 3:13 2:00
Bo Horvat 0 0 0 -1 0 2 1 0 3 0 15/22 18:59 3:20 0:00
Brent Burns 0 0 0 -1 2 2 1 0 0 1 0/0 25:57 3:17 0:40
Cale Makar 0 1 1 0 0 2 2 0 1 0 0/0 22:47 3:16 0:22
Conor Sheary 0 0 0 0 0 7 1 0 0 0 0/0 11:44 0:00 0:00
Devon Toews 0 1 1 -1 0 0 0 0 0 0 0/0 21:51 3:16 2:03
Frederick Gaudreau 0 0 0 0 0 0 0 0 0 0 0/0 2:49 0:00 1:55
Jaden Schwartz 0 0 0 0 0 3 0 0 0 1 0/0 12:26 0:00 0:03
Kevin Fiala 1 0 1 -1 0 6 1 0 1 0 2/2 19:17 3:20 0:03
Kirby Dach 1 0 1 -1 0 3 2 1 1 0 0/0 17:40 3:13 0:00
Marcus Pettersson 0 0 0 -1 0 1 1 6 0 1 0/0 15:36 0:00 0:53
Michael Rasmussen 0 0 0 0 0 2 2 0 0 0 0/0 9:09 0:00 2:00
Nicholas Paul 0 0 0 0 2 2 3 1 0 0 11/16 18:41 0:00 0:00
Patrice Bergeron 0 0 0 -1 0 2 1 0 1 0 6/12 19:37 3:13 1:55
Seth Jones 0 0 0 0 0 0 2 2 0 1 0/0 19:21 3:17 1:55
Shane Pinto 0 0 0 0 0 0 0 0 0 0 3/3 6:58 0:00 0:00
Travis Sanheim 0 0 0 -1 0 0 1 2 0 1 0/0 14:29 0:00 2:03
Vincent Trocheck 0 1 1 -1 0 6 1 0 0 0 1/2 18:59 3:20 0:00
Players Stats for Nashville Predators
Player Name G A P +/- PIM S H SB GA TA FO MP PP MP PK MP
------------------------------------------------------------------------------------
Alex Newhook 0 1 1 0 0 2 0 0 0 0 0/0 14:02 2:01 0:00
Alexander Alexeyev 0 0 0 2 0 1 3 1 0 1 0/0 20:56 2:07 3:18
Brett Leason 0 1 1 1 0 0 1 1 0 0 0/0 9:05 0:00 0:00
Corey Perry 0 1 1 0 0 2 2 0 1 0 2/9 13:26 0:00 0:00
Henri Jokiharju 0 0 0 -1 0 0 1 5 0 1 0/0 23:25 1:51 3:51
Jacob Peterson 0 1 1 0 2 1 3 0 1 0 0/2 18:55 1:57 2:03
Jakub Voracek 0 1 1 0 0 1 0 0 1 1 0/0 15:38 1:57 0:00
Justin Braun 0 0 0 2 0 1 0 3 0 0 0/0 14:07 0:00 0:00
Kevin Labanc 1 0 1 1 0 3 1 0 0 1 0/0 13:20 0:00 0:05
Markus Niemelainen 0 0 0 1 2 3 2 3 0 1 0/0 22:27 2:07 2:42
Morgan Frost 0 0 0 1 0 1 4 1 1 0 5/16 19:37 2:01 3:13
Nate Schmidt 0 0 0 -1 0 1 4 2 0 0 0/0 22:34 1:51 3:15
Oliver Kylington 0 0 0 1 2 1 0 1 0 0 0/0 16:29 0:00 0:00
Patrick Maroon 1 0 1 1 2 3 2 0 0 0 2/5 10:31 0:10 1:05
Rasmus Kupari 0 0 0 1 0 2 2 0 1 0 0/0 9:05 0:00 0:00
Sam Gagner 0 0 0 1 0 0 1 1 0 0 2/3 18:28 1:51 3:20
Thomas Novak 1 0 1 0 0 3 2 0 0 0 12/26 19:00 1:57 3:20
Zemgus Girgensons 0 0 0 0 0 2 0 0 0 2 0/0 12:18 0:00 0:00
3 Stars
1 - Kevin Lankinen (NSH)
2 - Kevin Labanc (NSH)
3 - Thomas Novak (NSH)
Power Play
Chicago Black Hawks - 1 on 4 Attempt(s) - 25.00%
Nashville Predators - 0 on 2 Attempt(s) - 0.00%
Penalty Kill
Chicago Black Hawks - 2 on 2 Attempt(s) - 100.00%
- Score 0 goal in Penalty Kill
Nashville Predators - 3 on 4 Attempt(s) - 75.00%
- Score 0 goal in Penalty Kill
Team Stat
Chicago Black Hawks - Hits : 21 - Faceoff Wins : 38 - Blocked Shots : 13 - Penalty Minutes : 4
Nashville Predators - Hits : 28 - Faceoff Wins : 23 - Blocked Shots : 18 - Penalty Minutes : 8
Official
Referees : Chris Lee and Dean Morton
Linesman : Thor Nelson and Andy McElman
Game Notes
No Game Note
Finance
Level 1 -- Attendance: 4917 (81.95%) -- Ticket Income $491,700
Level 2 -- Attendance: 3686 (73.72%) -- Ticket Income $221,160
Level 3 -- Attendance: 2412 (80.40%) -- Ticket Income $84,420
Level 4 -- Attendance: 3807 (76.14%) -- Ticket Income $95,175
Luxury Box -- Attendance: 746 (74.60%) -- Ticket Income $149,200
Game was played at the Bridgestone Arena.
Total Attendance: 15568 (77.84%)
Total Ticket Income: $1,041,655
Other Income: $364,579
Total Income: $1,406,234
Chicago Black Hawks
5 vs 5 Forward
Center Left Wing Right Wing Time % Phy DF OF
1 Bo Horvat Kevin Fiala Vincent Trocheck 30 1 2 2
2 Patrice Bergeron Barrett Hayton Kirby Dach 30 1 2 2
3 Nicholas Paul Jaden Schwartz Conor Sheary 25 1 2 2
4 Shane Pinto Michael Rasmussen Nicholas Paul 15 1 2 2
5 vs 5 Defense
Defense Defense Time % Phy DF OF
1 Cale Makar Seth Jones 30 0 3 2
2 Brent Burns Devon Toews 30 1 3 1
3 Travis Sanheim Marcus Pettersson 25 0 4 1
4 Cale Makar Brent Burns 15 0 3 2
PowerPlay Forward
Center Left Wing Right Wing Time % Phy DF OF
1 Bo Horvat Kevin Fiala Vincent Trocheck 50 0 0 5
2 Patrice Bergeron Barrett Hayton Kirby Dach 50 0 0 5
PowerPlay Defense
Defense Defense Time % Phy DF OF
1 Brent Burns Seth Jones 50 0 1 4
2 Cale Makar Devon Toews 50 0 1 4
Penalty Kill 4 Players Forward
Center Wing Time % Phy DF OF
1 Patrice Bergeron Frederick Gaudreau 50 0 5 0
2 Barrett Hayton Michael Rasmussen 50 0 5 0
Penalty Kill 4 Players Defense
Defense Defense Time % Phy DF OF
1 Devon Toews Travis Sanheim 50 0 5 0
2 Brent Burns Seth Jones 50 0 5 0
Penalty Kill - 3 Players Forward
Forward Time % Phy DF OF
1 Bo Horvat 50 0 5 0
2 Frederick Gaudreau 50 0 5 0
Penalty Kill - 3 Players Defense
Defense Defense Time % Phy DF OF
1 Marcus Pettersson Seth Jones 50 0 5 0
2 Travis Sanheim Devon Toews 50 0 5 0
4 vs 4 Forward
Center Wing Time % Phy DF OF
1 Vincent Trocheck Frederick Gaudreau 50 1 2 2
2 Shane Pinto Kevin Fiala 50 1 2 2
4 vs 4 Defense
Defense Defense Time % Phy DF OF
1 Devon Toews Travis Sanheim 50 1 3 1
2 Marcus Pettersson Cale Makar 50 0 4 1
Last Minutes Offensive
Center Left Wing Right Wing Defense Defense
Bo Horvat Kevin Fiala Vincent Trocheck Cale Makar Seth Jones
Last Minutes Defensive
Center Left Wing Right Wing Defense Defense
Bo Horvat Kevin Fiala Vincent Trocheck Cale Makar Seth Jones
Goaltenders
Starting : Jordan Binnington
Backup : Thatcher Demko
Extra Forwards
Normal : Frederick Gaudreau, Nicholas Paul, Jaden Schwartz - PP : Frederick Gaudreau, Nicholas Paul - PK : Jaden Schwartz
Extra Defensemen
Normal : Travis Sanheim, Marcus Pettersson, Brent Burns - PP : Travis Sanheim - PK : Marcus Pettersson, Brent Burns
Penalty Shots
Bo Horvat, Patrice Bergeron, Vincent Trocheck, Kevin Fiala, Barrett Hayton
Nashville Predators
5 vs 5 Forward
Center Left Wing Right Wing Time % Phy DF OF
1 Thomas Novak Jacob Peterson Jakub Voracek 30 1 2 2
2 Morgan Frost Kevin Labanc Sam Gagner 30 1 2 2
3 Corey Perry Alex Newhook Zemgus Girgensons 25 1 2 2
4 Patrick Maroon Rasmus Kupari Brett Leason 15 1 2 2
5 vs 5 Defense
Defense Defense Time % Phy DF OF
1 Henri Jokiharju Nate Schmidt 35 1 2 2
2 Justin Braun Alexander Alexeyev 35 1 2 2
3 Markus Niemelainen Oliver Kylington 30 1 2 2
4 Henri Jokiharju Nate Schmidt 0 1 2 2
PowerPlay Forward
Center Left Wing Right Wing Time % Phy DF OF
1 Thomas Novak Jacob Peterson Jakub Voracek 50 1 2 2
2 Morgan Frost Alex Newhook Sam Gagner 50 1 2 2
PowerPlay Defense
Defense Defense Time % Phy DF OF
1 Nate Schmidt Henri Jokiharju 50 1 2 2
2 Markus Niemelainen Alexander Alexeyev 50 1 2 2
Penalty Kill 4 Players Forward
Center Wing Time % Phy DF OF
1 Morgan Frost Jacob Peterson 50 1 2 2
2 Thomas Novak Sam Gagner 50 1 2 2
Penalty Kill 4 Players Defense
Defense Defense Time % Phy DF OF
1 Henri Jokiharju Nate Schmidt 50 1 2 2
2 Alexander Alexeyev Markus Niemelainen 50 1 2 2
Penalty Kill - 3 Players Forward
Forward Time % Phy DF OF
1 Jacob Peterson 50 1 2 2
2 Morgan Frost 50 1 2 2
Penalty Kill - 3 Players Defense
Defense Defense Time % Phy DF OF
1 Henri Jokiharju Nate Schmidt 50 1 2 2
2 Markus Niemelainen Alexander Alexeyev 50 1 2 2
4 vs 4 Forward
Center Wing Time % Phy DF OF
1 Thomas Novak Jacob Peterson 50 1 2 2
2 Morgan Frost Sam Gagner 50 1 2 2
4 vs 4 Defense
Defense Defense Time % Phy DF OF
1 Henri Jokiharju Nate Schmidt 50 1 2 2
2 Alexander Alexeyev Markus Niemelainen 50 1 2 2
Last Minutes Offensive
Center Left Wing Right Wing Defense Defense
Thomas Novak Jacob Peterson Kevin Labanc Nate Schmidt Henri Jokiharju
Last Minutes Defensive
Center Left Wing Right Wing Defense Defense
Morgan Frost Corey Perry Jacob Peterson Henri Jokiharju Nate Schmidt
Goaltenders
Starting : Kevin Lankinen
Backup : Adin Hill
Extra Forwards
Normal : Thomas Novak, Sam Gagner, Morgan Frost - PP : Sam Gagner, Alex Newhook - PK : Morgan Frost
Extra Defensemen
Normal : Henri Jokiharju, Markus Niemelainen, Nate Schmidt - PP : Markus Niemelainen - PK : Alexander Alexeyev, Markus Niemelainen
Penalty Shots
Jacob Peterson, Jakub Voracek, Kevin Labanc, Morgan Frost, Thomas Novak
% Time on Ice - Chicago Black Hawks
Lines # - Real PCT - Wanted PCT - Time Play
Normal Forward
1 - 31% - 30% - 15:06
2 - 30% - 30% - 14:27
3 - 24% - 25% - 11:44
4 - 14% - 15% - 6:58
Normal Defense
1 - 31% - 30% - 14:55
2 - 31% - 30% - 15:09
3 - 27% - 25% - 12:49
4 - 11% - 15% - 5:22
PP Forward
1 - 51% - 50% - 3:20
2 - 49% - 50% - 3:13
PP Defense
1 - 50% - 50% - 3:17
2 - 50% - 50% - 3:16
PK Forward
1 - 50% - 50% - 1:58
2 - 50% - 50% - 2:00
PK Defense
1 - 52% - 50% - 2:03
2 - 48% - 50% - 1:55
PK3 Forward
1 - 0% - 50%
2 - 0% - 50%
PK3 Defense
1 - 0% - 50%
2 - 0% - 50%
44 Forward
1 - 0% - 50%
2 - 0% - 50%
44 Defense
1 - 0% - 50%
2 - 0% - 50%
Last Minute Offensive - 1:14
Last Minute Defensive - 0:00
Total
Forward - 60:00
Defense - 60:00
|
% Time on Ice - Nashville Predators
Lines # - Real PCT - Wanted PCT - Time Play
Normal Forward
1 - 28% - 30% - 13:41
2 - 28% - 30% - 13:17
3 - 25% - 25% - 12:11
4 - 19% - 15% - 9:05
Normal Defense
1 - 33% - 35% - 16:08
2 - 33% - 35% - 16:09
3 - 33% - 30% - 15:52
4 - 0% - 0% - 0:05
PP Forward
1 - 49% - 50% - 1:57
2 - 51% - 50% - 2:01
PP Defense
1 - 47% - 50% - 1:51
2 - 53% - 50% - 2:07
PK Forward
1 - 49% - 50% - 3:13
2 - 51% - 50% - 3:20
PK Defense
1 - 50% - 50% - 3:15
2 - 50% - 50% - 3:18
PK3 Forward
1 - 0% - 50%
2 - 0% - 50%
PK3 Defense
1 - 0% - 50%
2 - 0% - 50%
44 Forward
1 - 0% - 50%
2 - 0% - 50%
44 Defense
1 - 0% - 50%
2 - 0% - 50%
Last Minute Offensive - 0:00
Last Minute Defensive - 1:15
Total
Forward - 60:00
Defense - 60:00
|
Play-by-Play
1st period
0:01 of 1st period - Bo Horvat wins face-off versus Thomas Novak in neutral zone.
0:10 of 1st period - Wrist shot by Kevin Fiala.
0:10 of 1st period - Stopped by Kevin Lankinen with a rebound.
0:12 of 1st period - Slapshot by Cale Makar.
0:12 of 1st period - Stopped by Kevin Lankinen with a rebound.
0:14 of 1st period - Backhand shot by Seth Jones.
0:14 of 1st period - Shot Blocked by Nate Schmidt.
0:16 of 1st period - Wrist shot by Vincent Trocheck.
0:16 of 1st period - Stopped by Kevin Lankinen with a rebound.
0:26 of 1st period - Henri Jokiharju is hit by Cale Makar and loses puck.
0:45 of 1st period - Snap shot by Jacob Peterson.
0:45 of 1st period - Shot Blocked by Seth Jones.
0:47 of 1st period - Wrist shot by Thomas Novak.
0:47 of 1st period - Shot Blocked by Seth Jones.
0:49 of 1st period - Snap shot by Jakub Voracek.
0:49 of 1st period - Stopped by Jordan Binnington without a rebound.
0:50 of 1st period - Patrice Bergeron wins face-off versus Sam Gagner in Chicago Black Hawks zone.
2:08 of 1st period - Snap shot by Shane Pinto.
2:08 of 1st period - Shot Blocked by Justin Braun.
2:22 of 1st period - Snap shot by Patrick Maroon.
2:22 of 1st period - Stopped by Jordan Binnington without a rebound.
2:23 of 1st period - Patrick Maroon wins face-off versus Bo Horvat in Chicago Black Hawks zone.
2:32 of 1st period - Snap shot by Rasmus Kupari.
2:32 of 1st period - Deflect By Patrick Maroon.
2:32 of 1st period - Shot Misses the Net.
2:32 of 1st period - Puck is out of play.
2:33 of 1st period - Bo Horvat wins face-off versus Corey Perry in Chicago Black Hawks zone.
2:33 of 1st period - Bo Horvat is hit by Henri Jokiharju.
2:40 of 1st period - Off-side.
2:41 of 1st period - Nicholas Paul wins face-off versus Corey Perry in neutral zone.
3:10 of 1st period - Vincent Trocheck is hit by Morgan Frost and loses puck.
3:15 of 1st period - Slapshot by Morgan Frost.
3:15 of 1st period - Shot Misses the Net.
3:49 of 1st period - Michael Rasmussen is hit by Alexander Alexeyev and loses puck.
4:00 of 1st period - Snap shot by Rasmus Kupari.
4:00 of 1st period - Stopped by Jordan Binnington with a rebound.
4:12 of 1st period - Justin Braun is hit by Conor Sheary and loses puck.
4:42 of 1st period - Nate Schmidt is hit by Patrice Bergeron and loses puck.
7:23 of 1st period - Justin Braun is hit by Seth Jones.
7:27 of 1st period - Cale Makar is hit by Nate Schmidt and loses puck.
7:34 of 1st period - Corey Perry is hit by Marcus Pettersson and loses puck.
7:58 of 1st period - Kevin Labanc is hit by Barrett Hayton and loses puck.
8:05 of 1st period - Patrice Bergeron is hit by Morgan Frost and loses puck.
8:23 of 1st period - Cale Makar is hit by Alexander Alexeyev and loses puck.
8:36 of 1st period - Snap shot by Morgan Frost.
8:36 of 1st period - Shot Blocked by Nicholas Paul.
8:38 of 1st period - Snap shot by Morgan Frost.
8:38 of 1st period - Stopped by Jordan Binnington with a rebound.
8:41 of 1st period - Icing by Cale Makar.
8:42 of 1st period - Shane Pinto wins face-off versus Thomas Novak in Chicago Black Hawks zone.
9:03 of 1st period - Backhand shot by Michael Rasmussen.
9:03 of 1st period - Stopped by Kevin Lankinen without a rebound.
9:04 of 1st period - Bo Horvat wins face-off versus Corey Perry in Nashville Predators zone.
9:07 of 1st period - Wrist shot by Bo Horvat.
9:07 of 1st period - Shot Misses the Net.
9:24 of 1st period - Icing by Zemgus Girgensons.
9:25 of 1st period - Corey Perry wins face-off versus Patrice Bergeron in Nashville Predators zone.
9:42 of 1st period - Slapshot by Corey Perry.
9:42 of 1st period - Shot Blocked by Marcus Pettersson.
9:44 of 1st period - Snap shot by Markus Niemelainen.
9:44 of 1st period - Shot Blocked by Marcus Pettersson.
10:00 of 1st period - Slapshot by Corey Perry.
10:00 of 1st period - Shot Blocked by Marcus Pettersson.
10:02 of 1st period - Slapshot by Oliver Kylington.
10:02 of 1st period - Shot Blocked by Marcus Pettersson.
10:12 of 1st period - Slapshot by Corey Perry.
10:12 of 1st period - Stopped by Jordan Binnington with a rebound.
10:14 of 1st period - Wrist shot by Zemgus Girgensons.
10:14 of 1st period - Stopped by Jordan Binnington without a rebound.
10:15 of 1st period - Thomas Novak wins face-off versus Nicholas Paul in Chicago Black Hawks zone.
10:23 of 1st period - Minor Penalty to Brent Burns for Hooking.
10:24 of 1st period - Thomas Novak wins face-off versus Barrett Hayton in Chicago Black Hawks zone.
10:24 of 1st period - Snap shot by Jacob Peterson.
10:24 of 1st period - Deflect By Travis Sanheim.
10:24 of 1st period - Shot Blocked by Travis Sanheim.
10:24 of 1st period - Puck is out of play.
10:25 of 1st period - Thomas Novak wins face-off versus Barrett Hayton in Chicago Black Hawks zone.
10:38 of 1st period - Slapshot by Jacob Peterson.
10:38 of 1st period - Stopped by Jordan Binnington with a rebound.
10:40 of 1st period - Wrist shot by Nate Schmidt.
10:40 of 1st period - Stopped by Jordan Binnington without a rebound.
10:41 of 1st period - Morgan Frost wins face-off versus Barrett Hayton in Chicago Black Hawks zone.
11:29 of 1st period - Sam Gagner is hit by Michael Rasmussen and loses puck.
12:23 of 1st period - Penalty to Brent Burns is over, Brent Burns is back on ice.
12:32 of 1st period - Wrist shot by Jaden Schwartz.
12:32 of 1st period - Shot Misses the Net.
12:42 of 1st period - Jaden Schwartz is hit by Patrick Maroon.
13:50 of 1st period - Brent Burns is hit by Patrick Maroon and loses puck.
14:29 of 1st period - Snap shot by Vincent Trocheck.
14:29 of 1st period - Stopped by Kevin Lankinen without a rebound.
14:30 of 1st period - Bo Horvat wins face-off versus Thomas Novak in Nashville Predators zone.
14:35 of 1st period - Slapshot by Vincent Trocheck.
14:35 of 1st period - Stopped by Kevin Lankinen with a rebound.
14:39 of 1st period - Wrist shot by Bo Horvat.
14:39 of 1st period - Shot Misses the Net.
14:41 of 1st period - Snap shot by Kevin Fiala.
14:41 of 1st period - Shot Misses the Net.
14:43 of 1st period - Wrist shot by Marcus Pettersson.
14:43 of 1st period - Shot Misses the Net.
14:53 of 1st period - Travis Sanheim is hit by Brett Leason.
15:11 of 1st period - Slapshot by Jaden Schwartz.
15:11 of 1st period - Shot Misses the Net.
15:13 of 1st period - Slapshot by Conor Sheary.
15:13 of 1st period - Stopped by Kevin Lankinen without a rebound.
15:14 of 1st period - Nicholas Paul wins face-off versus Morgan Frost in Nashville Predators zone.
15:15 of 1st period - Wrist shot by Conor Sheary.
15:15 of 1st period - Stopped by Kevin Lankinen with a rebound.
15:26 of 1st period - Morgan Frost is hit by Nicholas Paul and loses puck.
15:35 of 1st period - Snap shot by Sam Gagner.
15:35 of 1st period - Shot Misses the Net.
15:37 of 1st period - Wrist shot by Kevin Labanc.
15:37 of 1st period - Shot Misses the Net.
15:39 of 1st period - Wrist shot by Sam Gagner.
15:39 of 1st period - Shot Misses the Net.
15:41 of 1st period - Slapshot by Oliver Kylington.
15:41 of 1st period - Shot Blocked by Marcus Pettersson.
15:43 of 1st period - Wrist shot by Kevin Labanc.
15:43 of 1st period - Shot Blocked by Marcus Pettersson.
15:45 of 1st period - Slapshot by Markus Niemelainen.
15:45 of 1st period - Stopped by Jordan Binnington without a rebound.
15:46 of 1st period - Bo Horvat wins face-off versus Jacob Peterson in Chicago Black Hawks zone.
16:57 of 1st period - Snap shot by Kevin Labanc.
16:57 of 1st period - Stopped by Jordan Binnington with a rebound.
17:06 of 1st period - Icing by Kevin Labanc.
17:07 of 1st period - Nicholas Paul wins face-off versus Morgan Frost in Nashville Predators zone.
17:48 of 1st period - Minor Penalty to Oliver Kylington for Roughing.
17:49 of 1st period - Bo Horvat wins face-off versus Morgan Frost in Nashville Predators zone.
18:29 of 1st period - Icing by Patrice Bergeron.
18:30 of 1st period - Thomas Novak wins face-off versus Bo Horvat in Chicago Black Hawks zone.
18:39 of 1st period - Snap shot by Thomas Novak.
18:39 of 1st period - Stopped by Jordan Binnington without a rebound.
18:40 of 1st period - Thomas Novak wins face-off versus Patrice Bergeron in Chicago Black Hawks zone.
18:45 of 1st period - Wrist shot by Thomas Novak.
18:45 of 1st period - Shot Blocked by Barrett Hayton.
18:47 of 1st period - Snap shot by Sam Gagner.
18:47 of 1st period - Deflect By Thomas Novak.
18:47 of 1st period - Deflect By Kirby Dach.
18:47 of 1st period - Stopped by Jordan Binnington with a rebound.
18:49 of 1st period - Slapshot by Markus Niemelainen.
18:49 of 1st period - Deflect By Sam Gagner.
18:49 of 1st period - Deflect By Devon Toews.
18:49 of 1st period - Shot Blocked by Kirby Dach.
18:49 of 1st period - Puck is out of play.
18:50 of 1st period - Thomas Novak wins face-off versus Patrice Bergeron in Chicago Black Hawks zone.
18:59 of 1st period - Morgan Frost is hit by Kirby Dach and loses puck.
19:06 of 1st period - Snap shot by Barrett Hayton.
19:06 of 1st period - Stopped by Kevin Lankinen with a rebound.
19:08 of 1st period - Snap shot by Patrice Bergeron.
19:08 of 1st period - Shot Misses the Net.
19:20 of 1st period - Snap shot by Cale Makar.
19:20 of 1st period - Stopped by Kevin Lankinen without a rebound.
19:21 of 1st period - Kevin Fiala wins face-off versus Thomas Novak in Nashville Predators zone.
19:26 of 1st period - Wrist shot by Kevin Fiala.
19:26 of 1st period - Stopped by Kevin Lankinen with a rebound.
19:28 of 1st period - Wrist shot by Vincent Trocheck.
19:28 of 1st period - Shot Blocked by Markus Niemelainen.
19:30 of 1st period - Snap shot by Vincent Trocheck.
19:30 of 1st period - Stopped by Kevin Lankinen with a rebound.
19:34 of 1st period - Wrist shot by Vincent Trocheck.
19:34 of 1st period - Shot Misses the Net.
19:36 of 1st period - Slapshot by Brent Burns.
19:36 of 1st period - Stopped by Kevin Lankinen without a rebound.
19:37 of 1st period - Patrice Bergeron wins face-off versus Morgan Frost in Nashville Predators zone.
19:48 of 1st period - Penalty to Oliver Kylington is over, Oliver Kylington is back on ice.
Goals for this period are 0 for Chicago Black Hawks vs 0 for Nashville Predators.
Shots for this period are 13 for Chicago Black Hawks vs 12 for Nashville Predators.
2nd period
0:01 of 2nd period - Thomas Novak wins face-off versus Vincent Trocheck in neutral zone.
0:50 of 2nd period - Slapshot by Conor Sheary.
0:50 of 2nd period - Deflect By Nicholas Paul.
0:50 of 2nd period - Shot Blocked by Nate Schmidt.
0:50 of 2nd period - Puck is out of play.
0:51 of 2nd period - Corey Perry wins face-off versus Nicholas Paul in Nashville Predators zone.
1:16 of 2nd period - Devon Toews is hit by Jacob Peterson and loses puck.
1:25 of 2nd period - Snap shot by Jacob Peterson.
1:25 of 2nd period - Shot Misses the Net.
2:13 of 2nd period - Henri Jokiharju is hit by Nicholas Paul and loses puck.
2:44 of 2nd period - Barrett Hayton is hit by Jacob Peterson and loses puck.
3:12 of 2nd period - Snap shot by Jacob Peterson.
3:12 of 2nd period - Shot Misses the Net.
3:23 of 2nd period - Snap shot by Thomas Novak.
3:23 of 2nd period - Goal by Thomas Novak - Chicago Black Hawks : 0 - Nashville Predators : 1.
3:24 of 2nd period - Sam Gagner wins face-off versus Nicholas Paul in neutral zone.
3:27 of 2nd period - Jaden Schwartz is hit by Morgan Frost and loses puck.
3:38 of 2nd period - Backhand shot by Jaden Schwartz.
3:38 of 2nd period - Stopped by Kevin Lankinen with a rebound.
3:40 of 2nd period - Wrist shot by Nicholas Paul.
3:40 of 2nd period - Shot Blocked by Justin Braun.
3:56 of 2nd period - Snap shot by Alex Newhook.
3:56 of 2nd period - Stopped by Jordan Binnington with a rebound.
3:58 of 2nd period - Wrist shot by Alex Newhook.
3:58 of 2nd period - Shot Misses the Net.
4:15 of 2nd period - Minor Penalty to Jacob Peterson for Slashing.
4:16 of 2nd period - Bo Horvat wins face-off versus Morgan Frost in Nashville Predators zone.
4:52 of 2nd period - Wrist shot by Patrice Bergeron.
4:52 of 2nd period - Shot Misses the Net.
5:29 of 2nd period - Icing by Brent Burns.
5:30 of 2nd period - Bo Horvat wins face-off versus Morgan Frost in Chicago Black Hawks zone.
5:30 of 2nd period - Bo Horvat is hit by Nate Schmidt.
5:36 of 2nd period - Vincent Trocheck is hit by Morgan Frost and loses puck.
6:15 of 2nd period - Penalty to Jacob Peterson is over, Jacob Peterson is back on ice.
6:52 of 2nd period - Snap shot by Jaden Schwartz.
6:52 of 2nd period - Shot Blocked by Markus Niemelainen.
8:00 of 2nd period - Michael Rasmussen is hit by Thomas Novak and loses puck.
8:07 of 2nd period - Snap shot by Jakub Voracek.
8:07 of 2nd period - Deflect By Devon Toews.
8:07 of 2nd period - Shot Misses the Net.
8:07 of 2nd period - Puck is out of play.
8:08 of 2nd period - Patrice Bergeron wins face-off versus Corey Perry in Chicago Black Hawks zone.
8:12 of 2nd period - Off-side.
8:13 of 2nd period - Patrice Bergeron wins face-off versus Corey Perry in neutral zone.
8:16 of 2nd period - Slapshot by Cale Makar.
8:16 of 2nd period - Shot Blocked by Henri Jokiharju.
8:44 of 2nd period - Snap shot by Kevin Fiala.
8:44 of 2nd period - Stopped by Kevin Lankinen with a rebound.
8:46 of 2nd period - Slapshot by Cale Makar.
8:46 of 2nd period - Shot Blocked by Morgan Frost.
8:48 of 2nd period - Wrist shot by Bo Horvat.
8:48 of 2nd period - Shot Blocked by Henri Jokiharju.
8:50 of 2nd period - Snap shot by Bo Horvat.
8:50 of 2nd period - Stopped by Kevin Lankinen with a rebound.
8:52 of 2nd period - Wrist shot by Bo Horvat.
8:52 of 2nd period - Stopped by Kevin Lankinen without a rebound.
8:53 of 2nd period - Nicholas Paul wins face-off versus Thomas Novak in Nashville Predators zone.
8:57 of 2nd period - Icing by Markus Niemelainen.
8:58 of 2nd period - Nicholas Paul wins face-off versus Thomas Novak in Nashville Predators zone.
9:03 of 2nd period - Wrist shot by Nicholas Paul.
9:03 of 2nd period - Shot Blocked by Markus Niemelainen.
9:11 of 2nd period - Snap shot by Jakub Voracek.
9:11 of 2nd period - Shot Misses the Net.
9:13 of 2nd period - Wrist shot by Markus Niemelainen.
9:13 of 2nd period - Shot Misses the Net.
9:24 of 2nd period - Minor Penalty to Markus Niemelainen for Roughing.
9:25 of 2nd period - Patrice Bergeron wins face-off versus Thomas Novak in Nashville Predators zone.
9:54 of 2nd period - Slapshot by Cale Makar.
9:54 of 2nd period - Shot Blocked by Henri Jokiharju.
9:56 of 2nd period - Snap shot by Devon Toews.
9:56 of 2nd period - Shot Blocked by Henri Jokiharju.
9:58 of 2nd period - Slapshot by Cale Makar.
9:58 of 2nd period - Shot Misses the Net.
10:00 of 2nd period - Snap shot by Kirby Dach.
10:00 of 2nd period - Goal by Kirby Dach - Chicago Black Hawks : 1 - Nashville Predators : 1.
10:01 of 2nd period - Bo Horvat wins face-off versus Morgan Frost in neutral zone.
10:04 of 2nd period - Snap shot by Kevin Fiala.
10:04 of 2nd period - Deflect By Bo Horvat.
10:04 of 2nd period - Shot Misses the Net.
10:04 of 2nd period - Puck is out of play.
10:05 of 2nd period - Morgan Frost wins face-off versus Bo Horvat in Nashville Predators zone.
10:05 of 2nd period - Morgan Frost is hit by Bo Horvat.
10:35 of 2nd period - Slapshot by Brent Burns.
10:35 of 2nd period - Deflect By Jaden Schwartz.
10:35 of 2nd period - Shot Blocked by Oliver Kylington.
10:35 of 2nd period - Puck is out of play.
10:36 of 2nd period - Nicholas Paul wins face-off versus Thomas Novak in Nashville Predators zone.
10:43 of 2nd period - Wrist shot by Jaden Schwartz.
10:43 of 2nd period - Shot Misses the Net.
10:45 of 2nd period - Snap shot by Nicholas Paul.
10:45 of 2nd period - Stopped by Kevin Lankinen with a rebound.
10:47 of 2nd period - Backhand shot by Conor Sheary.
10:47 of 2nd period - Stopped by Kevin Lankinen with a rebound.
10:57 of 2nd period - Backhand shot by Jaden Schwartz.
10:57 of 2nd period - Stopped by Kevin Lankinen without a rebound.
10:58 of 2nd period - Bo Horvat wins face-off versus Morgan Frost in Nashville Predators zone.
11:36 of 2nd period - Snap shot by Conor Sheary.
11:36 of 2nd period - Stopped by Kevin Lankinen with a rebound.
12:14 of 2nd period - Snap shot by Corey Perry.
12:14 of 2nd period - Stopped by Jordan Binnington with a rebound.
12:16 of 2nd period - Snap shot by Alex Newhook.
12:16 of 2nd period - Deflect By Zemgus Girgensons.
12:16 of 2nd period - Stopped by Jordan Binnington without a rebound.
12:17 of 2nd period - Thomas Novak wins face-off versus Nicholas Paul in Chicago Black Hawks zone.
12:28 of 2nd period - Slapshot by Conor Sheary.
12:28 of 2nd period - Stopped by Kevin Lankinen with a rebound.
13:22 of 2nd period - Morgan Frost is hit by Nicholas Paul and loses puck.
13:29 of 2nd period - Backhand shot by Shane Pinto.
13:29 of 2nd period - Shot Blocked by Sam Gagner.
13:41 of 2nd period - Thomas Novak is hit by Vincent Trocheck and loses puck.
13:46 of 2nd period - Wrist shot by Kevin Fiala.
13:46 of 2nd period - Goal by Kevin Fiala - Chicago Black Hawks : 2 - Nashville Predators : 1.
13:47 of 2nd period - Morgan Frost wins face-off versus Patrice Bergeron in neutral zone.
14:03 of 2nd period - Icing by Sam Gagner.
14:04 of 2nd period - Bo Horvat wins face-off versus Morgan Frost in Nashville Predators zone.
14:05 of 2nd period - Snap shot by Vincent Trocheck.
14:05 of 2nd period - Stopped by Kevin Lankinen with a rebound.
14:17 of 2nd period - Wrist shot by Morgan Frost.
14:17 of 2nd period - Shot Misses the Net.
14:19 of 2nd period - Slapshot by Oliver Kylington.
14:19 of 2nd period - Stopped by Jordan Binnington with a rebound.
14:21 of 2nd period - Backhand shot by Oliver Kylington.
14:21 of 2nd period - Shot Misses the Net.
14:23 of 2nd period - Slapshot by Kevin Labanc.
14:23 of 2nd period - Stopped by Jordan Binnington without a rebound.
14:24 of 2nd period - Thomas Novak wins face-off versus Nicholas Paul in Chicago Black Hawks zone.
15:01 of 2nd period - Slapshot by Justin Braun.
15:01 of 2nd period - Shot Misses the Net.
16:31 of 2nd period - Seth Jones is hit by Markus Niemelainen and loses puck.
16:59 of 2nd period - Slapshot by Patrick Maroon.
16:59 of 2nd period - Goal by Patrick Maroon - Chicago Black Hawks : 2 - Nashville Predators : 2.
17:00 of 2nd period - Thomas Novak wins face-off versus Bo Horvat in neutral zone.
17:46 of 2nd period - Snap shot by Justin Braun.
17:46 of 2nd period - Stopped by Jordan Binnington without a rebound.
17:47 of 2nd period - Patrice Bergeron wins face-off versus Morgan Frost in Chicago Black Hawks zone.
18:12 of 2nd period - Marcus Pettersson is hit by Markus Niemelainen and loses puck.
19:07 of 2nd period - Wrist shot by Kirby Dach.
19:07 of 2nd period - Shot Blocked by Henri Jokiharju.
19:29 of 2nd period - Slapshot by Cale Makar.
19:29 of 2nd period - Shot Blocked by Brett Leason.
Goals for this period are 2 for Chicago Black Hawks vs 2 for Nashville Predators.
Shots for this period are 12 for Chicago Black Hawks vs 8 for Nashville Predators.
3rd period
0:01 of 3rd period - Nicholas Paul wins face-off versus Thomas Novak in neutral zone.
0:19 of 3rd period - Minor Penalty to Nicholas Paul for High sticking.
0:20 of 3rd period - Morgan Frost wins face-off versus Barrett Hayton in Chicago Black Hawks zone.
0:24 of 3rd period - Snap shot by Morgan Frost.
0:24 of 3rd period - Shot Misses the Net.
0:26 of 3rd period - Slapshot by Alexander Alexeyev.
0:26 of 3rd period - Stopped by Jordan Binnington with a rebound.
1:20 of 3rd period - Jakub Voracek is hit by Seth Jones and loses puck.
2:19 of 3rd period - Penalty to Nicholas Paul is over, Nicholas Paul is back on ice.
2:26 of 3rd period - Devon Toews is hit by Rasmus Kupari.
3:29 of 3rd period - Bo Horvat is hit by Corey Perry and loses puck.
3:54 of 3rd period - Nicholas Paul is hit by Kevin Labanc and loses puck.
4:29 of 3rd period - Devon Toews is hit by Nate Schmidt and loses puck.
4:46 of 3rd period - Barrett Hayton is hit by Rasmus Kupari and loses puck.
4:55 of 3rd period - Minor Penalty to Patrick Maroon for Holding.
4:56 of 3rd period - Bo Horvat wins face-off versus Thomas Novak in Nashville Predators zone.
4:59 of 3rd period - Wrist shot by Kevin Fiala.
4:59 of 3rd period - Shot Misses the Net.
5:01 of 3rd period - Snap shot by Bo Horvat.
5:01 of 3rd period - Shot Misses the Net.
5:03 of 3rd period - Snap shot by Vincent Trocheck.
5:03 of 3rd period - Stopped by Kevin Lankinen without a rebound.
5:04 of 3rd period - Vincent Trocheck wins face-off versus Thomas Novak in Nashville Predators zone.
5:09 of 3rd period - Slapshot by Bo Horvat.
5:09 of 3rd period - Shot Blocked by Alexander Alexeyev.
5:11 of 3rd period - Wrist shot by Kevin Fiala.
5:11 of 3rd period - Stopped by Kevin Lankinen without a rebound.
5:12 of 3rd period - Bo Horvat wins face-off versus Morgan Frost in Nashville Predators zone.
5:17 of 3rd period - Wrist shot by Bo Horvat.
5:17 of 3rd period - Shot Misses the Net.
6:55 of 3rd period - Penalty to Patrick Maroon is over, Patrick Maroon is back on ice.
7:02 of 3rd period - Alex Newhook is hit by Brent Burns and loses puck.
7:12 of 3rd period - Snap shot by Conor Sheary.
7:12 of 3rd period - Stopped by Kevin Lankinen without a rebound.
7:13 of 3rd period - Shane Pinto wins face-off versus Patrick Maroon in Nashville Predators zone.
7:14 of 3rd period - Wrist shot by Michael Rasmussen.
7:14 of 3rd period - Stopped by Kevin Lankinen with a rebound.
7:24 of 3rd period - Brett Leason is hit by Michael Rasmussen.
7:54 of 3rd period - Markus Niemelainen is hit by Travis Sanheim and loses puck.
8:09 of 3rd period - Slapshot by Kevin Labanc.
8:09 of 3rd period - Deflect By Vincent Trocheck.
8:09 of 3rd period - Goal by Kevin Labanc - Chicago Black Hawks : 2 - Nashville Predators : 3.
8:10 of 3rd period - Nicholas Paul wins face-off versus Thomas Novak in neutral zone.
8:17 of 3rd period - Wrist shot by Nicholas Paul.
8:17 of 3rd period - Stopped by Kevin Lankinen without a rebound.
8:18 of 3rd period - Nicholas Paul wins face-off versus Jacob Peterson in Nashville Predators zone.
8:27 of 3rd period - Snap shot by Conor Sheary.
8:27 of 3rd period - Shot Misses the Net.
8:29 of 3rd period - Wrist shot by Nicholas Paul.
8:29 of 3rd period - Deflect By Jakub Voracek.
8:29 of 3rd period - Shot Blocked by Justin Braun.
8:29 of 3rd period - Puck is out of play.
8:30 of 3rd period - Sam Gagner wins face-off versus Patrice Bergeron in Nashville Predators zone.
8:30 of 3rd period - Sam Gagner is hit by Barrett Hayton.
8:36 of 3rd period - Wrist shot by Kirby Dach.
8:36 of 3rd period - Stopped by Kevin Lankinen with a rebound.
8:38 of 3rd period - Slapshot by Brent Burns.
8:38 of 3rd period - Stopped by Kevin Lankinen with a rebound.
8:44 of 3rd period - Snap shot by Kirby Dach.
8:44 of 3rd period - Deflect By Patrice Bergeron.
8:44 of 3rd period - Stopped by Kevin Lankinen with a rebound.
8:46 of 3rd period - Snap shot by Patrice Bergeron.
8:46 of 3rd period - Stopped by Kevin Lankinen without a rebound.
8:47 of 3rd period - Thomas Novak wins face-off versus Bo Horvat in Nashville Predators zone.
8:52 of 3rd period - Wrist shot by Thomas Novak.
8:52 of 3rd period - Shot Misses the Net.
10:00 of 3rd period - Wrist shot by Rasmus Kupari.
10:00 of 3rd period - Deflect By Patrick Maroon.
10:00 of 3rd period - Deflect By Cale Makar.
10:00 of 3rd period - Shot Misses the Net.
10:00 of 3rd period - Puck is out of play.
10:01 of 3rd period - Patrick Maroon wins face-off versus Bo Horvat in Chicago Black Hawks zone.
10:02 of 3rd period - Snap shot by Rasmus Kupari.
10:02 of 3rd period - Shot Blocked by Travis Sanheim.
10:30 of 3rd period - Slapshot by Vincent Trocheck.
10:30 of 3rd period - Shot Misses the Net.
10:32 of 3rd period - Snap shot by Bo Horvat.
10:32 of 3rd period - Shot Misses the Net.
10:34 of 3rd period - Snap shot by Vincent Trocheck.
10:34 of 3rd period - Shot Misses the Net.
10:40 of 3rd period - Snap shot by Kevin Fiala.
10:40 of 3rd period - Stopped by Kevin Lankinen without a rebound.
10:41 of 3rd period - Thomas Novak wins face-off versus Patrice Bergeron in Nashville Predators zone.
10:54 of 3rd period - Snap shot by Patrice Bergeron.
10:54 of 3rd period - Shot Misses the Net.
10:56 of 3rd period - Snap shot by Kirby Dach.
10:56 of 3rd period - Stopped by Kevin Lankinen with a rebound.
11:14 of 3rd period - Snap shot by Kevin Labanc.
11:14 of 3rd period - Shot Misses the Net.
11:16 of 3rd period - Slapshot by Markus Niemelainen.
11:16 of 3rd period - Stopped by Jordan Binnington with a rebound.
11:45 of 3rd period - Kevin Fiala is hit by Alexander Alexeyev and loses puck.
13:01 of 3rd period - Slapshot by Marcus Pettersson.
13:01 of 3rd period - Stopped by Kevin Lankinen without a rebound.
13:02 of 3rd period - Nicholas Paul wins face-off versus Thomas Novak in Nashville Predators zone.
13:11 of 3rd period - Snap shot by Jaden Schwartz.
13:11 of 3rd period - Deflect By Conor Sheary.
13:11 of 3rd period - Stopped by Kevin Lankinen with a rebound.
13:44 of 3rd period - Off-side.
13:45 of 3rd period - Morgan Frost wins face-off versus Bo Horvat in neutral zone.
13:48 of 3rd period - Cale Makar is hit by Sam Gagner and loses puck.
13:55 of 3rd period - Kevin Labanc is hit by Cale Makar and loses puck.
14:12 of 3rd period - Conor Sheary is hit by Thomas Novak and loses puck.
14:21 of 3rd period - Slapshot by Jaden Schwartz.
14:21 of 3rd period - Stopped by Kevin Lankinen with a rebound.
14:33 of 3rd period - Wrist shot by Alex Newhook.
14:33 of 3rd period - Shot Hit the Post.
14:39 of 3rd period - Corey Perry is hit by Kirby Dach and loses puck.
14:51 of 3rd period - Icing by Markus Niemelainen.
14:52 of 3rd period - Shane Pinto wins face-off versus Patrick Maroon in Nashville Predators zone.
15:03 of 3rd period - Slapshot by Rasmus Kupari.
15:03 of 3rd period - Stopped by Jordan Binnington with a rebound.
15:05 of 3rd period - Snap shot by Markus Niemelainen.
15:05 of 3rd period - Deflect By Cale Makar.
15:05 of 3rd period - Stopped by Jordan Binnington without a rebound.
15:06 of 3rd period - Bo Horvat wins face-off versus Corey Perry in Chicago Black Hawks zone.
15:21 of 3rd period - Wrist shot by Alex Newhook.
15:21 of 3rd period - Stopped by Jordan Binnington without a rebound.
15:22 of 3rd period - Nicholas Paul wins face-off versus Thomas Novak in Chicago Black Hawks zone.
15:33 of 3rd period - Snap shot by Conor Sheary.
15:33 of 3rd period - Shot Misses the Net.
15:50 of 3rd period - Off-side.
15:51 of 3rd period - Kevin Fiala wins face-off versus Patrick Maroon in neutral zone.
15:55 of 3rd period - Off-side.
15:56 of 3rd period - Bo Horvat wins face-off versus Corey Perry in neutral zone.
16:23 of 3rd period - Cale Makar is hit by Jacob Peterson and loses puck.
16:49 of 3rd period - Devon Toews is hit by Nate Schmidt and loses puck.
18:07 of 3rd period - Slapshot by Patrick Maroon.
18:07 of 3rd period - Stopped by Jordan Binnington with a rebound.
18:51 of 3rd period - Devon Toews is hit by Corey Perry and loses puck.
19:04 of 3rd period - Corey Perry is hit by Kevin Fiala and loses puck.
19:07 of 3rd period - Chicago Black Hawks, Jordan Binnington is pulled from the net.
19:27 of 3rd period - Snap shot by Vincent Trocheck.
19:27 of 3rd period - Shot Hit the Post.
Goals for this period are 0 for Chicago Black Hawks vs 1 for Nashville Predators.
Shots for this period are 14 for Chicago Black Hawks vs 7 for Nashville Predators.
Back to the Top